 Dungeon Crawl Stone Soup version 0.19-a0-1589-ge51c82a (webtiles) character file.

660 Sixotanaka the Summoner (level 7, 0/46 HPs)
             Began as a Vampire Summoner on Sept 16, 2016.
             Slain by Ryco's ghost (14 damage)
             ... on level 5 of the Dungeon.
             The game lasted 00:12:09 (4533 turns).

Sixotanaka the Summoner (Vampire Summoner)          Turns: 4533, Time: 00:12:10

Health: 0/46       AC:  3    Str:  7    XL:     7   Next: 30%
Magic:  3/10       EV: 13    Int: 19    God:
Gold:   110        SH:  0    Dex: 15    Spells: 3 memorised, 2 levels left

rFire  . . .     SeeInvis +     r - +3 short sword (elec)
rCold  . . .     Gourm    .     m - +0 robe (curse)
rNeg   + . .     Faith    .     (no shield)
rPois  .         Spirit   .     w - +1 hat
rElec  .         Dismiss  .     (no cloak)
rCorr  .         Reflect  .     (no gloves)
MR     .....     Harm     .     (no boots)
Stlth  +++.......               (no amulet)
                                (no ring)
                                h - ring of stealth

@: no status effects
A: fangs 3, see invisible, unbreathing
a: Bat Form


You were on level 5 of the Dungeon.
You were not thirsty.

You visited 2 branches of the dungeon, and saw 6 of its levels.

You collected 110 gold pieces.


Innate Abilities, Weirdness & Mutations

You have razor-sharp teeth.
You have supernaturally acute eyesight. (SInv)
You can survive without breathing.


   Skills:
 + Level 3.8 Short Blades
 - Level 2.1 Dodging
 - Level 3.0 Stealth
 - Level 2.0 Spellcasting
 * Level 8.0 Summonings
 + Level 1.0 Air Magic


You had 2 spell levels left.
You knew the following spells:

 Your Spells              Type           Power        Failure   Level  Hunger
a - Summon Small Mammal   Summ           ####         1%          1    #......
b - Call Canine Familiar  Summ           ####....     1%          3    ###....
c - Summon Lightning Spi  Summ/Air       ###.....     28%         4    #####..


Dungeon Overview and Level Annotations

Branches:
Dungeon (5/15)             Temple (1/1) D:4

Altars:
Ashenzari
Dithmenos
Elyvilon
Fedhas
Gozag
Hepliaklqana
Kikubaaqudgha
Makhleb
Nemelex Xobeh
Okawaru
Qazlal
Ru
Trog
Uskayaw
Vehumet
Xom
Yredelemnul
Zin
The Shining One

Annotations:
D:4 1 runed door
D:5 Ryco's ghost, amateur MiBe

Inventory:

Hand Weapons
 r - a +3 short sword of electrocution (weapon)
   (You took it off a kobold on level 3 of the Dungeon)
Missiles
 v - 2 throwing nets (quivered) {!f}
 x - 37 poisoned needles
Armour
 m - a cursed +0 robe (worn)
   (You found it on level 2 of the Dungeon)
 w - a +1 hat (worn)
   (You found it on level 4 of the Dungeon)
Jewellery
 h - a ring of stealth (left hand)
   (You found it on level 3 of the Dungeon)
 y - an uncursed amulet of faith {!P}
   (You found it on level 4 of the Dungeon)
Scrolls
 a - a scroll of blinking {unknown}
 d - 3 scrolls of remove curse {@r2}
 i - a scroll of recharging {unknown}
 j - 3 scrolls of immolation {!r}
 o - 2 scrolls of magic mapping
 p - a scroll of enchant armour {unknown}
 s - a scroll of amnesia {unknown}
Potions
 c - 15 potions of blood {@q0}
 e - 2 potions of haste {unknown}
 f - 2 potions of mutation {!q}
 g - 2 potions of flight {unknown}
 l - 2 potions of brilliance {unknown}
 n - 2 potions of curing {unknown}
 q - a potion of heal wounds {unknown}
 t - a potion of agility {unknown}
Books
 b - a book of Callings

..........'.....#....#.....#
..........#.....#....#[....#
..........#.....#....+....##
.....%....#.....#....#....#
..........#.....#....#.....#
.###..##'####...#######...##
. #..##..######### ####
.?..#.......hW..# ...
#......).Z@.# ..
#......(....# .
##...##.....+ #...##.....#
#...######## #.... #....
#...


You could see Ryco's ghost, a hound skeleton and a friendly hound.


Message History

Your quokka closely misses Ryco's ghost.
Your hound bites Ryco's ghost but does no damage.
Your rat bites Ryco's ghost but does no damage.
Your quokka barely misses Ryco's ghost.
A hound skeleton comes into view.
You swap places.
Your bat hits Ryco's ghost but does no damage.
Your hound bites Ryco's ghost but does no damage.
Your quokka closely misses Ryco's ghost.
Your rat barely misses Ryco's ghost.
There is an open door here.
Your quokka disappears in a puff of smoke!
Your bat hits Ryco's ghost but does no damage. x2
Ryco's ghost hits you!
* * * LOW HITPOINT WARNING * * *
Your hound barely misses Ryco's ghost.
Your rat bites Ryco's ghost but does no damage.
Something hits your bat!
Your bat dies!
Your bat's corpse disappears in a puff of smoke!
Your hound bites Ryco's ghost but does no damage.
Your rat bites Ryco's ghost but does no damage.
Your hound bites Ryco's ghost but does no damage.
Your rat bites Ryco's ghost but does no damage.
What are your orders? t - Shout!
Orders for allies: a - Attack new target. r - Retreat! s - Stop attacking. g - Guard the area. f - Follow me.
Anything else - Cancel.
Guard this area!
Your quokka barely misses Ryco's ghost.
Your quokka bites the hound skeleton.
The hound skeleton misses your quokka.
Your quokka bites the hound skeleton.
The hound skeleton bites your quokka.
Your rat bites the hound skeleton.
There is an open door here.
Ryco's ghost hits you.
* * * LOW HITPOINT WARNING * * *
There is an open door here.
Ryco's ghost hits you.
* * * LOW HITPOINT WARNING * * *
Your hound bites Ryco's ghost but does no damage.
Your hound barely misses Ryco's ghost.
Your hound closely misses Ryco's ghost.
The hound skeleton bites you.
* * * LOW HITPOINT WARNING * * *
There is a stone staircase leading up here.
Your hound bites Ryco's ghost.
The hound skeleton closely misses you.
Ryco's ghost wails.
Ryco's ghost hits you!
You die...

Vault maps used:
D:1:      minmay_arrival_loop, minmay_misc_feat_secret_circle
D:2:      makhleb_heckhound_becter, first_bread
D:3:      lemuel_crystal_altar, ecumenical_altar_1
D:4:      grunt_gozag_statues, st_stairs_10, trog_hazing_becter,
          uniq_crazy_yiuf_cottage
D:5:      led_sif_book, cheibriados_altar_wand_db, enter_ossuary_2
Temple:   eino_temple_rhombus

Vanquished Creatures
  A howler monkey (D:4)
  A centaur zombie (D:5)
  A crimson imp (D:5)
  3 hounds
  A centaur skeleton (D:5)
  A worker ant (D:4)
  4 adders
  A gnoll (D:3)
  3 leopard geckos
  4 orcs (D:4)
  A bat (D:2)
  A giant cockroach (D:2)
  6 goblins
  6 hobgoblins
  2 quokkas
  2 ball pythons
  A frilled lizard (D:4)
  A kobold (D:3)
  7 rats
47 creatures vanquished.

Vanquished Creatures (collateral kills)
  The ghost of yaymichael the Covert, an amateur OpAs (D:4)
  An ice beast (D:4)
  4 ogres
  2 adders
  2 gnolls (D:3)
  A howler monkey skeleton (D:4)
  2 oozes
  4 worms
  A dart slug (D:1)
  2 leopard geckos
  2 orcs
  2 giant cockroaches
  2 goblins (D:1)
  2 hobgoblins
  2 bats (D:1)
  A frilled lizard (D:3)
  11 kobolds
  A quokka skeleton (D:4)
  4 rats
47 creatures vanquished.

Grand Total: 94 creatures vanquished

Table legend:
 A = Turns spent in this place as a percentage of turns spent in the entire game.
 B = Non-inter-level travel turns spent in this place as a percentage of non-inter-level travel turns spent in the entire game.
 C = Inter-level travel turns spent in this place as a percentage of turns spent in this place.
 D = Turns resting spent in this place as a percentage of non-inter-level travel turns spent in this place.
 E = Turns spent auto-exploring this place as a percentage of non-inter-level travel turns spent in this place.
 F = Non-inter-level travel turns spent in this place divided by the number of levels of this place that you've seen.
                   A       B       C       D       E      F
               +-------+-------+-------+-------+-------+----------------------
         Total | 100.0 | 100.0 |   0.5 |   4.6 |  12.2 | 241.3
       Dungeon |  98.7 |  98.8 |   0.5 |   4.7 |  11.3 | 286.0
        Temple |   1.3 |   1.2 |   5.3 |   0.0 |  77.8 |  18.0
               +-------+-------+-------+-------+-------+----------------------

Table legend:
 A = Kills in this place as a percentage of kills in entire the game.
 B = Kills by you in this place as a percentage of kills by you in the entire game.
 C = Kills by friends in this place as a percentage of kills by friends in the entire game.
 D = Other kills in this place as a percentage of other kills in the entire game.
 E = Experience gained in this place as a percentage of experience gained in the entire game.
 F = Experience gained in this place divided by the number of levels of this place that you have seen.
                   A       B       C       D       E      F
               +-------+-------+-------+-------+-------+----------------------
         Total | 100.0 | 100.0 | 100.0 |  -nan | 100.0 | 157.2
       Dungeon | 100.0 | 100.0 | 100.0 |  -nan | 100.0 | 188.6
               +-------+-------+-------+-------+-------+----------------------

Notes
Turn   | Place    | Note
-------+----------+-------------------------------------------
     0 | D:1      | Sixotanaka the Vampire Summoner began the quest for the Orb.
     0 | D:1      | Reached XP level 1. HP: 13/13 MP: 3/3
   349 | D:1      | Upgraded the game from 0.19-a0-1587-gaef70b6 to 0.19-a0-1589-ge51c82a
   738 | D:1      | Reached XP level 2. HP: 19/19 MP: 1/5
  1182 | D:2      | Reached skill level 5 in Summonings
  1214 | D:2      | Reached XP level 3. HP: 24/24 MP: 6/6
  1239 | D:2      | Learned a level 3 spell: Call Canine Familiar
  1478 | D:2      | Found a burning altar of Makhleb.
  1487 | D:2      | Reached XP level 4. HP: 26/30 MP: 7/7
  2145 | D:3      | Reached skill level 6 in Summonings
  2186 | D:3      | Found a faded altar of an unknown god.
  2250 | D:3      | Found a shadowy altar of Dithmenos.
  2634 | D:4      | Found an opulent altar of Gozag.
  2647 | D:4      | Reached skill level 1 in Short Blades
  2647 | D:4      | Reached XP level 5. HP: 35/35 MP: 4/8
  2723 | D:4      | Noticed an ogre
  2781 | D:4      | Killed an ogre
  2781 | D:4      | Reached skill level 2 in Short Blades
  2857 | D:4      | Noticed an ogre
  3227 | D:4      | Noticed yaymichael's ghost (amateur OpAs)
  3291 | D:4      | Killed yaymichael's ghost
  3291 | D:4      | Reached skill level 7 in Summonings
  3291 | D:4      | Reached XP level 6. HP: 22/41 MP: 3/9
  3343 | D:4      | Learned a level 4 spell: Summon Lightning Spire
  3391 | D:4      | Found a staircase to the Ecumenical Temple.
  3409 | D:4      | Found a runed door.
  3479 | D:4      | Reached skill level 3 in Short Blades
  3689 | D:4      | Noticed an ice beast
  3702 | D:4      | Killed an ice beast
  3833 | Temple   | Entered the Ecumenical Temple
  4034 | D:4      | Found a bloodstained altar of Trog.
  4259 | D:4      | Reached XP level 7. HP: 41/46 MP: 5/10
  4384 | D:5      | Entered Level 5 of the Dungeon
  4451 | D:5      | Reached skill level 8 in Summonings
  4471 | D:5      | Reached skill level 1 in Air Magic
  4497 | D:5      | Noticed Ryco's ghost (amateur MiBe)
  4533 | D:5      | Slain by Ryco's ghost

Action                   |  1- 3 |  4- 6 |  7- 9 || total
-------------------------+-------+-------+-------++-------
Melee: Short sword       |    11 |    71 |    12 ||    94
       Bite              |     4 |     6 |     1 ||    11
       Unarmed           |     1 |       |       ||     1
       Dagger            |    51 |     6 |       ||    57
 Cast: Summon Small Mamm |    38 |    10 |     8 ||    56
       Call Canine Famil |     2 |    29 |     4 ||    35
  Use: Scroll            |       |     8 |       ||     8
       Potion            |       |     9 |     4 ||    13
 Stab: Sleeping          |     2 |     1 |     1 ||     4
       Distracted        |       |     1 |       ||     1
Armor: Robe              |    11 |    11 |       ||    22
Dodge: Dodged            |    51 |    62 |     3 ||   116
